 Dungeon Crawl Stone Soup version 0.31-a0-150-g89dc3ad700 (webtiles) character file.

Game seed: 4904582286745290174

1184 pokeman the Thaumaturge (level 8, -4/43 HPs)
             Began as a Deep Elf Hedge Wizard on June 8, 2023.
             Slain by a black bear (7 damage)
             ... on level 5 of the Dungeon on June 9, 2023.
             The game lasted 00:10:47 (5594 turns).

pokeman the Thaumaturge (Deep Elf Hedge Wizard)     Turns: 5594, Time: 00:10:48

Health: -4/43      AC:  6    Str:  7    XL:     8   Next: 19%
Magic:  13/23      EV: 12    Int: 22    God:
Gold:   238        SH:  0    Dex: 14    Spells: 7/25 levels left

rFire   . . .        G - +2 dire flail (venom)
rCold   . . .        (shield currently unavailable)
rNeg    . . .        o - +1 leather armour {Will+}
rPois   .            c - +0 hat
rElec   .            h - +0 cloak
rCorr   +            u - +0 pair of gloves
SInv    .            (no boots)
Will    +....        (no amulet)
Stlth   ++           x - ring of resist corrosion
HPRegen 0.27/turn    (no ring)
MPRegen 0.18/turn

%: no passive effects
@: on blink cooldown
A: no striking features
a: no special abilities


You were on level 5 of the Dungeon.
You visited 1 branch of the dungeon, and saw 5 of its levels.

You collected 238 gold pieces.

Inventory:

Hand Weapons
 G - a +2 dire flail of venom (weapon)
Missiles
 t - a throwing net
Armour
 c - a +0 hat (worn)
 h - a +0 cloak (worn)
 o - a +1 leather armour of willpower (worn)
 u - a +0 pair of gloves (worn)
 v - a +0 buckler
 C - the +1 ring mail of the Lachrymose God {rN+}
   (You found it on level 5 of the Dungeon)

   rN:        It protects you from negative energy.
 D - an orb of mayhem
Magical Staves
 A - a staff of cold
Jewellery
 x - a ring of resist corrosion (left hand)
Wands
 w - a wand of polymorph (15)
 F - a wand of roots (10)
Scrolls
 g - 2 scrolls of teleportation {unknown}
 j - 6 scrolls of vulnerability {unknown}
 l - a scroll of noise {unknown}
 m - a scroll of silence {unknown}
 n - 6 scrolls of identify {unknown}
 q - a scroll of poison {unknown}
 r - a scroll of enchant armour {unknown}
 s - a scroll of magic mapping {unknown}
 y - a scroll of torment {unknown}
 z - a scroll of brand weapon {unknown}
Potions
 a - a potion of lignification {unknown}
 b - a potion of degeneration {unknown}
 d - a potion of magic
 e - 2 potions of curing {unknown}
 f - a potion of might {unknown}
 i - a potion of haste {unknown}
 k - 3 potions of invisibility {unknown}
 p - 2 potions of brilliance {unknown}
 B - a potion of attraction {unknown}
 E - 2 potions of berserk rage {unknown}


   Skills:
 - Level 1.0 Fighting
 + Level 1.5 Armour
 - Level 3.1 Dodging
 - Level 3.0 Stealth
 - Level 2.0 Shields
 * Level 9.1 Spellcasting
 + Level 4.7 Conjurations
 - Level 1.1 Summonings
 - Level 1.1 Translocations
 + Level 3.3 Fire Magic
 - Level 1.0 Ice Magic
 - Level 1.0 Air Magic
 - Level 1.3 Poison Magic
 - Level 1.0 Evocations


You had 7 spell levels left.
You knew the following spells:

 Your Spells              Type           Power      Damage    Failure   Level
a - Magic Dart            Conj           100%       1d8       1%          1
b - Mephitic Cloud        Conj/Pois/Air  20%        N/A       11%         3
c - Call Imp              Summ           28%        N/A       10%         2
d - Blink                 Tloc           28%        N/A       10%         2
e - Iskenderun's Mystic   Conj/Tloc      22%        2d6       28%         4
f - Starburst             Conj/Fire      13%        6d6       96%         6

Your spell library contained the following spells:

 Spells                   Type           Power      Damage    Failure   Level
 Slow                     Hex            40%        N/A       10%         1
 Cigotuvi's Dreadful Rot  Necr/Pois/Air  26%        N/A       11%         2
 Dazzling Flash           Conj/Hex       40%        N/A       11%         3
 Volatile Blastmotes      Fire/Tloc      38%        2d13      12%         3
 Call Canine Familiar     Summ           14%        N/A       19%         3
 Portal Projectile        Hex/Tloc       24%        N/A       22%         3
 Manifold Assault         Tloc           14%        N/A       52%         4
 Leda's Liquefaction      Hex/Erth       5%         N/A       67%         4
 Storm Form               Tmut/Air       6%         N/A       100%        7


Dungeon Overview and Level Annotations

Branches:
Dungeon (5/15)
 Temple: D:4-7

Altars:
Makhleb
Uskayaw
Xom


Message History

Aiming: Magic Dart (safe; 1% risk of failure)
Press: ? - help, Q - select action, (/) - cycle Shift-Dir - straight line, f/p - black bear
Aim: a black bear (almost dead, berserk, 100% to hit)
Okay, then.
Unknown command.
Casting: Magic Dart (safe; 1% risk of failure)
Confirm with . or Enter, or press ? or * to list all spells.
Aiming: Magic Dart (safe; 1% risk of failure)
Press: ? - help, Shift-Dir - straight line, f/p - black bear
Aim: a black bear (almost dead, berserk, 100% to hit)
The magic dart hits the black bear but does no damage.
The black bear is almost dead.
The black bear bites you! The black bear claws you.
The black bear barely misses you.
Casting: Magic Dart (safe; 1% risk of failure)
Confirm with . or Enter, or press ? or * to list all spells.
Aiming: Magic Dart (safe; 1% risk of failure)
Press: ? - help, Shift-Dir - straight line, f/p - black bear
Aim: a black bear (almost dead, berserk, 100% to hit)
The magic dart hits the black bear.
The black bear is almost dead.
The black bear bites you.
* * * LOW HITPOINT WARNING * * *
The black bear claws you but does no damage.
The black bear closely misses you. The black bear bites you.
* * * LOW HITPOINT WARNING * * *
The black bear claws you but does no damage.
The black bear closely misses you.
Unknown command.
Casting: Magic Dart (safe; 1% risk of failure)
Confirm with . or Enter, or press ? or * to list all spells.
You are still too unstable to blink.
The black bear rages.
The black bear rages.
The iguana bites you.
* * * LOW HITPOINT WARNING * * *
The black bear barely misses you. x2; The black bear misses you.
The black bear attacks as you move away!
The black bear bites you!
You die...

.................####..### #.#
##...............# ##....###.####
###..............###..##.......#.
#..............##..####.......#
##................### #.......#
###...................# #....#..#
......................###....#...
##.......#.......l.#..##...#.....
##.............@....###.......#.
# #.............h.........#.....#
####.....##.#.........#..##..##..
........######.....#.....##..##..
...#..#.# ##...##.........##..
..##..##.. #....#######........#
.##..## .## #....# ###....###
.##..# . #.##..# ##..## ##...###
... ..# #..#


You could see a black bear (berserk) and an iguana.

Vanquished Creatures
  Prince Ribbit (D:5)
  Edmund (D:5)
  A black bear (D:5)
  A centaur (D:4)
  A phantom (D:5)
  A scorpion (D:4)
  A hound (D:5)
  4 jellies
  A gnoll bouda (D:5)
  4 iguanas
  2 sleepcaps
  Ijyb (D:5)
  7 gnolls (D:5)
  4 adders
  A white imp (D:4)
  A worm (D:4)
  6 dart slugs
  7 orcs
  6 ball pythons
  9 bats
  7 endoplasms
  4 giant cockroaches
  6 goblins
  8 hobgoblins
  6 kobolds
  2 quokkas
  3 frilled lizards
  7 rats
103 creatures vanquished.

Notes
Turn   | Place    | Note
-------+----------+-------------------------------------------
     0 | D:1      | pokeman the Deep Elf Hedge Wizard began the quest for the
                  | Orb.
     0 | D:1      | Reached XP level 1. HP: 10/10 MP: 7/7
   185 | D:1      | Reached XP level 2. HP: 16/16 MP: 4/9
   688 | D:1      | Reached skill level 5 in Spellcasting
   832 | D:1      | Found a faded altar of an unknown god.
   972 | D:1      | Reached XP level 3. HP: 20/20 MP: 8/11
   976 | D:1      | Learned a level 3 spell: Mephitic Cloud
   979 | D:1      | Learned a level 2 spell: Call Imp
   982 | D:1      | Learned a level 2 spell: Blink
  1341 | D:2      | Reached skill level 1 in Fighting
  1341 | D:2      | Reached skill level 1 in Armour
  1679 | D:2      | Found a shimmering altar of Xom.
  2002 | D:3      | Reached XP level 4. HP: 21/25 MP: 4/13
  2422 | D:3      | Found a hide-covered altar of Uskayaw.
  2748 | D:3      | Reached skill level 6 in Spellcasting
  2748 | D:3      | Reached XP level 5. HP: 5/29 MP: 1/15
  2987 | D:3      | Learned a level 4 spell: Iskenderun's Mystic Blast
  3568 | D:4      | Noticed a centaur
  3629 | D:4      | Killed a centaur
  3630 | D:4      | Reached skill level 1 in Air Magic
  3630 | D:4      | Reached skill level 1 in Poison Magic
  3719 | D:4      | Reached XP level 6. HP: 34/34 MP: 11/17
  3783 | D:4      | Learned a level 6 spell: Starburst
  3893 | D:4      | Found a burning altar of Makhleb.
  4140 | D:5      | Entered Level 5 of the Dungeon
  4146 | D:5      | Identified the +1 ring mail of the Lachrymose God {rN+}
  4203 | D:5      | Reached skill level 7 in Spellcasting
  4238 | D:5      | Reached skill level 1 in Fire Magic
  4238 | D:5      | Reached skill level 1 in Ice Magic
  4323 | D:4      | Reached skill level 1 in Evocations
  4403 | D:5      | Noticed Prince Ribbit
  4412 | D:5      | Killed Prince Ribbit
  4413 | D:5      | Reached skill level 1 in Shields
  4413 | D:5      | Reached XP level 7. HP: 36/38 MP: 14/20
  4521 | D:5      | Reached skill level 8 in Spellcasting
  5030 | D:5      | Noticed Ijyb
  5049 | D:5      | Killed Ijyb
  5182 | D:5      | Noticed Edmund
  5217 | D:5      | Killed Edmund
  5218 | D:5      | Reached XP level 8. HP: 35/43 MP: 13/22
  5237 | D:5      | Reached skill level 9 in Spellcasting
  5594 | D:5      | Slain by a black bear

Illustrated notes

Levels and vault maps discovered:
D:1:      amcnicky_arrival_underground_garden, layout_basic,
          basic_ecumenical_altar
D:2:      layout_basic, basic_altar
D:3:      layout_loops_ring, mainiacjoe_overflow_surrounded_room, st_stairs_8
D:4:      layout_loops_cross, lemuel_crystal_altar
D:5:      black_bear_nest_2, layout_layer_cave, mainiacjoe_overflow_two_lobes,
          uniq_sigmund, uniq_ijyb, uniq_edmund, uniq_prince_ribbit1

Skill      XL: |  1  2  3  4  5  6  7  8 |
---------------+-------------------------+-----
Spellcasting   | 5 6 7 8 9 |  9.1
Fighting       | 1 |  1.0
Armour         | 1 |  1.5
Conjurations   | 2 3 4 |  4.7
Stealth        | 3 |  3.0
Dodging        | 3 |  3.1
Air Magic      | 1 |  1.0
Poison Magic   | 1 |  1.3
Fire Magic     | 1 3 |  3.3
Ice Magic      | 1 |  1.0
Evocations     | 1 |  1.0
Shields        | 1 2 |  2.0
Summonings     | |  1.1
Translocations | |  1.1

Action                     |  1- 3 |  4- 6 |  7- 9 || total
---------------------------+-------+-------+-------++-------
  Melee: Whip              |       |    35 |    44 ||    79
         Punch             |       |     1 |       ||     1
         Dire flail        |       |       |     4 ||     4
   Cast: Magic Dart        |   101 |   104 |    76 ||   281
         Mephitic Cloud    |       |     9 |     7 ||    16
         Call Imp          |       |     5 |     2 ||     7
         Blink             |       |     1 |     1 ||     2
   Stab: Confused          |       |     3 |     8 ||    11
 Armour: Robe              |     4 |       |       ||     4
         Leather armour    |       |    14 |     9 ||    23
  Dodge: Dodged            |    16 |    45 |    36 ||    97

Table legend: (Time is in decaauts)
 A = Elapsed time spent in this place.
 B = Non-inter-level travel time spent in this place.
 C = Inter-level travel time spent in this place.
 D = Time resting spent in this place.
 E = Time spent auto-exploring this place.
 F = Levels seen in this place.
 G = Mean time per level.
                   A        B        C        D        E       F      G
               +--------+--------+--------+--------+--------+-----+--------+
         Total |   5600 |   5501 |     99 |    106 |   4536 |   5 | 1120.0 |
       Dungeon |   5600 |   5501 |     99 |    106 |   4536 |   5 | 1120.0 |
               +--------+--------+--------+--------+--------+-----+--------+

Top non-repeatable levels by time:
     D:5: 1295 daAuts
     D:1: 1249 daAuts
     D:4: 1168 daAuts
     D:3: 1142 daAuts
     D:2: 744 daAuts
